 Dungeon Crawl Stone Soup version 0.23.1 (webtiles) character file.

Game seed: 10589970350243270303

123 Norn the Poker (level 5, -6/41 HPs)
             Began as a Merfolk Skald on Mar 10, 2019.
             Killed from afar by Terence (10 damage)
             ... with a wand of flame (9)
             ... on level 2 of the Dungeon.
             The game lasted 00:04:21 (2083 turns).

Norn the Poker (Merfolk Skald)                      Turns: 2083, Time: 00:04:21

Health: -6/41      AC:  3    Str: 11    XL:     5   Next: 7%
Magic:  3/8        EV: 13    Int: 13    God:
Gold:   117        SH:  0    Dex: 14    Spells: 5/8 levels left

rFire    . . .     SeeInvis .   a - +0 spear
rCold    . . .     Gourm    .   (no shield)
rNeg     . . .     Faith    .   b - +0 leather armour
rPois    .         Spirit   .   (no helmet)
rElec    .         Reflect  .   (no cloak)
rCorr    .         Harm     .   (no gloves)
MR       .....                  (no boots)
Stlth    +.........             (no amulet)
HPRegen  0.13/turn              (no ring)
MPRegen  0.11/turn              (no ring)

@: infused (expiring)
A: change form in water, swift swim, stealthy swim
a: no special abilities


You were on level 2 of the Dungeon.
You were not hungry.

You visited 1 branch of the dungeon, and saw 2 of its levels.

You collected 117 gold pieces.

Inventory:

Hand Weapons
 a - a +0 spear (weapon)
Armour
 b - a +0 leather armour (worn)
Jewellery
 i - an uncursed ring of resist corrosion {unknown}
   (You found it on level 2 of the Dungeon)
Scrolls
 d - a scroll of remove curse {unknown}
 f - a scroll of identify {unknown}
 h - a scroll of fog {unknown}
Comestibles
 c - a chunk of flesh
 e - 8 rations {!d}


   Skills:
 + Level 3.1 Fighting
 * Level 5.0 Polearms
 - Level 0.6 Armour
 + Level 3.6 Dodging
 - Level 2.0 Spellcasting
 + Level 3.9 Charms
 + Level 0.9 Translocations


You had 5 spell levels left.
You knew the following spells:

 Your Spells              Type           Power        Failure   Level  Hunger
a - Infusion              Chrm           ##..         7%          1    ##.....
q - Shroud of Golubria    Chrm/Tloc      #.........   19%         2    ###....

Your spell library contained the following spells:

 Spells                   Type           Power        Failure   Level  Hunger
 Song of Slaying          Chrm           ##......     10%         2    ###....
 Regeneration             Chrm/Necr      #.........   41%         3    ####...
 Spectral Weapon          Hex/Chrm       #.......     41%         3    ####...


Dungeon Overview and Level Annotations

Branches:
Dungeon (2/15)

Altars:

Annotations:
D:2 Terence


Message History

The jackal bites you but does no damage.
Some of the chunks of flesh in your inventory have rotted away.
You closely miss the jackal. The jackal barely misses you.
You hit the jackal!
You kill the jackal!
No target in view!
You start resting.
Your magical infusion is running out.
A goblin comes into view.
A goblin is nearby!
A goblin is nearby!
The goblin shouts!
You see here a bat skeleton.
You see here a bat skeleton.
You are no longer magically infusing your attacks.
You see here a bat skeleton.
Attack whom?
Aim: a goblin You reach to attack!
You hit the goblin but do no damage.
Terence the Incautious comes into view.
He is wielding a +0 flail and carrying a wand of flame (14).
You begin infusing your attacks with magical energy.
The goblin barely misses you.
You hit the goblin. The goblin hits you.
You hit the goblin.
You kill the goblin!
Terence zaps a wand.
The puff of flame hits you.
You see here a goblin corpse.
Terence says, "You're history."
Terence zaps a wand.
The puff of flame hits you!
* * * LOW HITPOINT WARNING * * *
You see here a goblin corpse.
You see here a bat skeleton.
Unknown command.
Some of the chunks of flesh in your inventory have rotted away.
Terence zaps a wand.
The puff of flame hits you!
* * * LOW HITPOINT WARNING * * *
Terence zaps a wand.
The puff of flame hits you!
* * * LOW HITPOINT WARNING * * *
You aren't carrying any potions.
Terence zaps a wand.
The puff of flame misses you.
Your magical infusion is running out.
Terence says, "Don't bother to defend, it's useless."
Terence zaps a wand.
The puff of flame hits you!
You die...

####.#####. #.###
#.# #.# #.# #.#
#@# #.# #.# #.#
#.# #.# #.# #.#
#.#############.#
#.....@......@..#
###############.#
###


You could see Terence.

Vanquished Creatures
  Natasha (twice) (D:2)
  An adder (D:2)
  3 oozes
  2 worms (D:2)
  2 leopard geckos
  A ball python (D:2)
  5 bats
  2 giant cockroaches (D:1)
  8 goblins
  2 hobgoblins (D:1)
  5 jackals (D:2)
  5 kobolds
  3 frilled lizards
  3 rats
44 creatures vanquished.

Notes
Turn   | Place    | Note
-------+----------+-------------------------------------------
     0 | D:1      | Norn the Merfolk Skald began the quest for the Orb.
     0 | D:1      | Reached XP level 1. HP: 16/16 MP: 3/3
   202 | D:1      | Reached XP level 2. HP: 18/23 MP: 0/5
   575 | D:1      | Reached XP level 3. HP: 28/28 MP: 6/6
   647 | D:1      | Reached skill level 4 in Polearms
   656 | D:1      | Learned a level 2 spell: Shroud of Golubria
   802 | D:2      | Noticed Natasha
   818 | D:2      | HP: 1/28 [Natasha (7)]
   821 | D:2      | Killed Natasha
  1131 | D:2      | Reached XP level 4. HP: 34/34 MP: 2/7
  1144 | D:2      | Noticed Natasha
  1624 | D:2      | Killed Natasha
  2032 | D:2      | Reached XP level 5. HP: 41/41 MP: 5/8
  2037 | D:2      | Reached skill level 5 in Polearms
  2055 | D:2      | Noticed Terence
  2071 | D:2      | HP: 2/41 [Terence/wand of flame (11) (9)]
  2083 | D:2      | Killed from afar by Terence

Skill      XL: |  1  2  3  4  5 |
---------------+----------------+-----
Dodging        | 3 |  3.6
Polearms       | 4 5 |  5.0
Fighting       | 3 |  3.1
Armour         | |  0.6
Spellcasting   | |  2.0
Charms         | |  3.9
Translocations | |  0.9

Action                   |  1- 3 |  4- 6 || total
-------------------------+-------+-------++-------
Melee: Spear             |    88 |    65 ||   153
 Cast: Infusion          |    12 |     7 ||    19
       Shroud of Golubri |       |     3 ||     3
  Use: Potion            |     1 |       ||     1
  Eat: Chunk             |     1 |     3 ||     4
Armor: Leather armour    |    15 |     8 ||    23
Dodge: Dodged            |    43 |    36 ||    79
